 Dungeon Crawl Stone Soup version 0.28-a0-199-g298df9dbad (webtiles) character file.

Game seed: 16990460334014049960

76122 gruber the Eclecticist (level 16, -11/116 HPs)
             Began as a Djinni Hedge Wizard on Aug 19, 2021.
             Was the Champion of Makhleb.
             Mangled by a skeletal warrior (27 damage)
             ... led by a skeletal warrior
             ... on level 15 of the Dungeon.
             The game lasted 00:54:50 (36190 turns).

gruber the Eclecticist (Djinni Hedge Wizard)       Turns: 36190, Time: 00:54:51

Health: -11/116    AC: 11    Str: 13    XL:     16   Next: 0%
Gold:   1080       EV: 16    Int: 25    God:    Makhleb [******] SH:  8 Dex: 14

rFire   + + .      SeeInvis .   P - +11 mace "Ecophuri" {freeze, +Blink Will+ Str+4}
rCold   + . .      Faith    .   W - +2 buckler {rC+}
rNeg    . . .      Spirit   .   X - +1 leather armour of Summer {rF+ Int+3}
rPois   ∞          Reflect  .   k - +0 helmet
rElec   .          Harm     .   L - +1 cloak {Stlth+}
rCorr   .          Rampage  .   i - +2 pair of gloves {archery}
Will    ++...                   (boots unavailable)
Stlth   +++.......              (no amulet)
HPRegen 0.29/turn               p - ring of wizardry
MPRegen 0.00/turn               a - ring of ice

@: flying
A: sickness immunity, fire resistance 2, cold vulnerability 1, float, innate
caster, hp casting, extra vitality 1
a: Renounce Religion, Evoke Blink, Minor Destruction, Lesser Servant of Makhleb,
Major Destruction, Greater Servant of Makhleb


You were on level 15 of the Dungeon.
You worshipped Makhleb.
Makhleb was exalted by your worship.
You visited 4 branches of the dungeon, and saw 24 of its levels.

You collected 2166 gold pieces.
You spent 1086 gold pieces at shops.

Inventory:

Hand Weapons
 I - a +4 eveningstar of protection
 M - the +10 morningstar of Yredelemnul {vorpal, rCorr}
   (You bought it in a shop on level 1 of the Orcish Mines)

   It inflicts extra damage upon your enemies.
   rCorr:     It protects you from acid and corrosion.
 P - the +11 mace "Ecophuri" (weapon) {freeze, +Blink Will+ Str+4}
   (You found it on level 12 of the Dungeon)

   It freezes those it strikes, dealing additional cold damage.
   It can also slow down cold-blooded creatures.
   Str:       It affects your strength (+4).
   +Blink:    It lets you blink.
   Will:      It increases your willpower.
Missiles
 j - 71 poisoned darts
 m - 773 stones
 q - 10 curare-tipped darts
 s - 3 throwing nets
Armour
 i - a +2 pair of gloves of archery (worn)
 k - a +0 helmet (worn)
 L - a +1 cloak of stealth (worn)
 W - a +2 buckler of cold resistance (worn)
 X - the +1 leather armour of Summer (worn) {rF+ Int+3}
   (You bought it in a shop on level 2 of the Orcish Mines)

   Int:       It affects your intelligence (+3).
   rF:        It protects you from fire.
Jewellery
 a - a ring of ice (right hand)
 p - a ring of wizardry (left hand)
 N - a ring of see invisible
Wands
 c - a wand of polymorph (15)
 x - a wand of iceblast (17)
 A - a wand of digging (15)
 E - a wand of paralysis (30)
 F - a wand of flame (77)
 H - a wand of acid (14)
 K - a wand of mindburst (14)
 T - a wand of charming (8)
Scrolls
 d - 7 scrolls of enchant armour {unknown}
 e - 2 scrolls of immolation {unknown}
 f - 28 scrolls of identify {unknown}
 g - 8 scrolls of magic mapping {unknown}
 h - 3 scrolls of fog {unknown}
 l - 4 scrolls of vulnerability {unknown}
 u - 11 scrolls of teleportation
 y - 7 scrolls of noise {unknown}
 C - 4 scrolls of blinking {unknown}
 J - 3 scrolls of enchant weapon {unknown}
 O - a scroll of holy word {unknown}
 Q - a scroll of acquirement {unknown}
 U - 2 scrolls of amnesia {unknown}
 V - a scroll of summoning {unknown}
Potions
 b - 5 potions of lignification {unknown}
 n - 2 potions of flight {unknown}
 o - 3 potions of might {unknown}
 r - a potion of magic {unknown}
 t - 4 potions of degeneration {unknown}
 v - 2 potions of ambrosia {unknown}
 w - 10 potions of curing
 z - 3 potions of brilliance {unknown}
 B - 2 potions of cancellation {unknown}
 D - 8 potions of heal wounds {unknown}
 G - 4 potions of mutation {unknown}
 R - a potion of attraction {unknown}
 S - a potion of resistance {unknown}


   Skills:
 * Level 11.2 Fighting
 - Level 6.1 Maces & Flails
 - Level 0.1 Bows
 - Level 0.7 Throwing
 - Level 5.1 Armour
 - Level 10.1 Dodging
 - Level 1.5 Stealth
 - Level 8.0 Shields
 - Level 15.0 Spellcasting


You had 8 spell levels left.
You knew the following spells:

 Your Spells              Type           Power      Damage    Failure   Level
a - Magic Dart            Conj           100%       1d8       0%          1
b - Blink                 Tloc           N/A        N/A       0%          2
c - Call Imp              Summ           76%        N/A       0%          2
d - Slow                  Hex            76%        N/A       0%          2
e - Conjure Flame         Conj/Fire      76%        6-21      0%          3
f - Mephitic Cloud        Conj/Pois/Air  76%        N/A       0%          3
g - Sandblast             Erth           100%       2d20      0%          1
h - Searing Ray           Conj           100%       3d7       0%          2
i - Passwall              Tmut/Erth      63%        N/A       0%          2
j - Ignite Poison         Fire/Tmut/Pois 76%        N/A       0%          3
k - Alistair's Intoxicat  Tmut/Pois      50%        N/A       1%          5
l - Silence               Hex/Air        38%        N/A       1%          5
m - Eringya's Noxious Bo  Tmut/Pois      38%        N/A       1%          6
Your spell library was empty.

Dungeon Overview and Level Annotations

Branches:
Dungeon (15/15)            Temple (1/1) D:4            Lair (6/6) D:9
 Shoals (0/4) Lair:3        Snake (0/4) Lair:4        Slime (0/5) Lair:6
    Orc (2/2) D:9             Elf (0/3) Orc:2        Vaults (0/5) D:14
 Depths: D:15

Altars:
Ashenzari
Dithmenos
Fedhas
Gozag
Hepliaklqana
Makhleb
Nemelex Xobeh
Ru
Sif Muna
Vehumet
The Shining One
Beogh
Jiyva

Shops:
D:10 *   Orc:1 *=(**   Orc:2 ([!:

Portals:
Trove: D:10 (give +2 storm dragon scales)

Annotations:
D:7 1 runed translucent door, Lochraine's ghost, novice GnFE
D:15 Roxanne


Innate Abilities, Weirdness & Mutations

You are immune to sickness and miasma.
You are immune to poison.
Your flesh is very heat resistant. (rF++)
You are vulnerable to cold. (rC-)
You float through the air rather than walking.
You learn spells naturally, not from books.
Your magical power is your life essence.
You have superior vitality. (+4 HP)


Message History

Aim: a skeletal warrior, wielding a +0 glaive of pain (heavily damaged, 83% to hit)
The searing ray hits the skeletal warrior but does no damage.
The skeletal warrior is heavily damaged. (Press . to maintain the ray.)
You block the skeletal warrior's attack.
The searing ray hits the skeletal warrior but does no damage.
The skeletal warrior is heavily damaged.
You block the skeletal warrior's attack.
Unknown command.
Unknown command.
The searing ray hits the skeletal warrior!
The skeletal warrior is severely damaged.
The skeletal warrior hits you from afar with a +0 glaive of pain!!
Unknown command.
Unknown command.
Unknown command.
The searing ray hits the skeletal warrior.
The skeletal warrior is severely damaged.
You finish channeling your searing ray.
The skeletal warrior barely misses you.
Unknown command.
Unknown command.
Casting: Searing Ray (safe; 0% risk of failure)
Confirm with . or Enter, or press ? or * to list all spells.
Aiming: Searing Ray (safe; 0% risk of failure)
Press: ? - help, Shift-Dir - straight line, f/p - skeletal warrior
Aim: a skeletal warrior, wielding a +0 glaive of pain (severely damaged, 83% to hit)
The searing ray hits the skeletal warrior!
The skeletal warrior is almost destroyed. (Press . to maintain the ray.)
The skeletal warrior hits you from afar with a +0 glaive of pain!!
* * * LOW HITPOINT WARNING * * *
Unknown command.
The searing ray misses the skeletal warrior.
* * * LOW HITPOINT WARNING * * *
You block the skeletal warrior's attack.
Unknown command.
The searing ray misses the skeletal warrior.
* * * LOW HITPOINT WARNING * * *
The skeletal warrior hits you from afar with a +0 glaive of pain!!
You die...

#.............#...............#.#
#+##..........#<..............'..
.......z......##..............##.
.............°...)...##..........
....##..................#....)...
....##......°...........+........
....##........z.........#........
....+...................#......##
....###.........@....####.#....##
....# #...........#### #.... #
#......................
#######.........######
+.........# #.........#
#...###...# #... #...# ## #...#


You could see a skeletal warrior.

Vanquished Creatures
  Snorg (Lair:4)
  Fannar (Orc:1)
  3 vault guards
  2 boulder beetles
  6 hydras
  Erica (D:8)
  A catoblepas (Lair:6)
  3 centaur warriors
  A death knight (D:12)
  A deep troll shaman (Lair:6)
  3 two-headed ogres
  3 tengu warriors
  3 death yaks
  Urug (D:11)
  4 orc high priests (Orc:2)
  A deep elf knight (D:15)
  Nergalle (D:11)
  A flayed ghost (D:15)
  2 skeletal warriors
  6 ugly things
  4 necromancers (D:14)
  2 orc knights
  3 deep elf pyromancers
  An orc sorcerer (Orc:2)
  A wolf spider (D:12)
  6 cyclopes
  2 manticores
  17 elephants
  Joseph (D:8)
  Maurice (D:9)
  5 black mambas
  3 centaur zombies
  6 cane toads
  Maggie (D:6)
  A torpor snail (Lair:3)
  A yaktaur (shapeshifter) (D:15)
  An unseen horror (D:10)
  3 gargoyles
  An efreet (D:12)
  3 rime drakes
  13 komodo dragons
  A tengu conjurer (D:14)
  5 trolls
  3 polar bears
  Prince Ribbit (D:8)
  7 dream sheep
  5 slime creatures
  8 blink frogs
  A shadow (D:9)
  A snapping turtle (Lair:3)
  A spriggan (Lair:1)
  Sigmund (D:2)
  60 yaks
  2 wraiths
  5 wyverns
  A human (shapeshifter) (D:15)
  2 basilisks
  14 humans (D:14)
  3 vampire mosquitoes (D:12)
  Grum (D:10)
  2 wargs
  2 acid dragons
  2 hell hounds (Orc:1)
  9 water moccasins
  12 orc warriors
  2 ice beasts (D:6)
  2 sky beasts
  7 black bears
  3 necrophages
  8 ogres
  23 wolves
  10 centaurs
  A phantom (D:3)
  2 kobold brigands
  11 bullfrogs
  A gnoll sergeant (D:11)
  A water moccasin skeleton (D:4)
  A wyvern skeleton (D:7)
  6 killer bees (D:10)
  2 wights (D:7)
  An electric eel (Lair:3)
  3 howler monkeys (D:12)
  3 hounds
  16 orc priests
  Crazy Yiuf (D:2)
  Terence (D:1)
  A bullfrog skeleton (D:6)
  2 gnoll shamans
  A scorpion zombie (D:5)
  2 iguanas (D:5)
  14 orc wizards
  A killer bee zombie (D:9)
  2 hound skeletons
  A hound zombie (D:5)
  A howler monkey skeleton (D:7)
  14 gnolls
  8 adders
  A shadow imp (D:5)
  An ufetubus (D:4)
  2 worms
  A dart slug (D:1)
  67 orcs
  10 ball pythons
  5 endoplasms
  5 giant cockroaches
  9 hobgoblins
  13 kobolds
  A quokka (D:2)
  7 bats
  A frilled lizard (D:3)
  5 goblins
  3 rats (D:1)
553 creatures vanquished.

Vanquished Creatures (others)
  A death knight (D:14)
  A death yak (Lair:6)
  4 humans (D:14)
  8 orc warriors
  3 ogres
  21 orc priests
  13 orc wizards
  17 orcs
  39 fungi
  87 plants
  2 withered plants (D:7)
196 creatures vanquished.

Grand Total: 749 creatures vanquished

Notes
Turn   | Place    | Note
-------+----------+-------------------------------------------
     0 | D:1      | gruber the Djinni Hedge Wizard began the quest for the Orb.
     0 | D:1      | Reached XP level 1. HP: 15/15 MP: 0/0
   728 | D:1      | Reached XP level 2. HP: 3/21 MP: 0/0
  1506 | D:2      | Reached skill level 3 in Spellcasting
  1631 | D:2      | Reached XP level 3. HP: 8/25 MP: 0/0
  1631 | D:2      | Learned a level 1 spell: Sandblast
  1921 | D:2      | Found a faded altar of an unknown god.
  1972 | D:2      | Noticed Terence
  2000 | D:2      | Noticed Sigmund
  2638 | D:1      | Killed Terence
  2639 | D:1      | Reached XP level 4. HP: 9/31 MP: 0/0
  2898 | D:2      | Killed Sigmund
  2899 | D:2      | Reached skill level 4 in Spellcasting
  2899 | D:2      | Reached XP level 5. HP: 27/35 MP: 0/0
  2899 | D:2      | Learned a level 2 spell: Searing Ray
  2899 | D:2      | Reached XP level 6. HP: 31/40 MP: 0/0
  3111 | D:2      | Found a runed translucent door.
  3112 | D:2      | Noticed Crazy Yiuf
  3120 | D:2      | Killed Crazy Yiuf
  3866 | D:3      | Reached skill level 5 in Spellcasting
  4110 | D:3      | Reached XP level 7. HP: 28/45 MP: 0/0
  4110 | D:3      | Learned a level 2 spell: Passwall
  5361 | D:4      | Reached skill level 6 in Spellcasting
  5642 | D:4      | Reached XP level 8. HP: 41/50 MP: 0/0
  5802 | D:4      | Found a glowing golden altar of the Shining One.
  5884 | D:4      | Found a staircase to the Ecumenical Temple.
  5889 | Temple   | Entered the Ecumenical Temple
  5898 | Temple   | Became a worshipper of Makhleb the Destroyer
  5960 | D:5      | Entered Level 5 of the Dungeon
  6317 | D:5      | Found a sacrificial altar of Ru.
  6414 | D:5      | Reached skill level 7 in Spellcasting
  7310 | D:6      | Reached XP level 9. HP: 52/55 MP: 0/0
  7310 | D:6      | Learned a level 3 spell: Ignite Poison
  7340 | D:6      | Reached * piety under Makhleb
  7341 | D:6      | Reached skill level 8 in Spellcasting
  7446 | D:6      | Noticed Maggie
  7457 | D:6      | Killed Maggie
  7884 | D:6      | Reached skill level 5 in Fighting
  8161 | D:6      | Found a hazy altar of Hepliaklqana.
  8223 | D:6      | Identified the +5 ring mail of Midwinter {-Cast rF+ rN+
                  | Stlth+}
  8529 | D:7      | Found a runed translucent door.
  8529 | D:7      | Noticed Lochraine's ghost (novice GnFE)
  8812 | D:7      | Reached skill level 5 in Dodging
  8862 | D:7      | Reached ** piety under Makhleb
  8863 | D:7      | Reached XP level 10. HP: 71/72 MP: 0/0
  9782 | D:8      | Found a blossoming altar of Fedhas.
  9812 | D:8      | Noticed Joseph
  9830 | D:8      | Noticed Erica
  9831 | D:8      | Killed Joseph
  9839 | D:8      | Killed Erica
 10001 | D:8      | Noticed Prince Ribbit
 10007 | D:8      | Killed Prince Ribbit
 10008 | D:8      | Reached skill level 10 in Dodging
 10595 | D:9      | Noticed a brown ugly thing
 10620 | D:9      | Killed a brown ugly thing
 11044 | D:9      | Found a staircase to the Orcish Mines.
 11067 | D:9      | Reached XP level 11. HP: 71/80 MP: 0/0
 11067 | D:9      | Learned a level 5 spell: Alistair's Intoxication
 11134 | D:9      | Found a shadowy altar of Dithmenos.
 11290 | D:9      | Reached *** piety under Makhleb
 11382 | D:9      | Noticed Maurice
 11387 | D:9      | Killed Maurice
 11863 | D:9      | Found a staircase to the Lair.
 12081 | D:10     | Entered Level 10 of the Dungeon
 12376 | D:10     | Noticed a vault guard
 12669 | Orc:1    | Entered Level 1 of the Orcish Mines
 12669 | Orc:1    | Found Jyrenwe's Weapon Boutique.
 12669 | Orc:1    | Found Zoruleagi's General Store.
 12859 | Orc:1    | Found Jicku's Assorted Antiques.
 12875 | Orc:1    | Reached skill level 10 in Fighting
 12916 | Orc:1    | Bought a bloodstained morningstar for 306 gold pieces
 12916 | Orc:1    | Identified the +10 morningstar of Yredelemnul {vorpal,
                  | rCorr} (You bought it in a shop on level 1 of the Orcish
                  | Mines)
 13095 | D:10     | Reached skill level 1 in Maces & Flails
 13130 | D:10     | Noticed Grum
 13148 | D:10     | Killed Grum
 13461 | D:10     | Found Laecsiaju's Assorted Antiques.
 13757 | D:10     | Noticed a two-headed ogre
 13786 | D:10     | Killed a vault guard
 13821 | D:10     | Killed a two-headed ogre
 14267 | D:10     | Found a portal to a secret trove of treasure.
 14354 | D:11     | Reached skill level 5 in Maces & Flails
 14462 | D:11     | Noticed Nergalle
 14475 | D:11     | Killed Nergalle
 14588 | D:11     | Reached XP level 12. HP: 77/91 MP: 0/0
 14672 | D:11     | Noticed Urug
 14684 | D:11     | Killed Urug
 15238 | D:11     | You are sucked into a shaft and drop 1 floor!
 15686 | D:12     | Reached skill level 5 in Armour
 16103 | D:12     | Reached **** piety under Makhleb
 16348 | D:12     | Noticed a two-headed ogre
 16356 | D:12     | Killed a two-headed ogre
 16357 | D:12     | Reached skill level 9 in Spellcasting
 16382 | D:12     | Noticed a two-headed ogre
 16392 | D:12     | Noticed a death knight
 16393 | D:12     | Killed a two-headed ogre
 16768 | D:12     | Identified the +11 mace "Ecophuri" {freeze, +Blink Will+
                  | Str+4}
 16919 | D:12     | Killed a death knight
 17158 | D:12     | Found a sparkling altar of Nemelex Xobeh.
 17339 | Lair:1   | Entered Level 1 of the Lair of Beasts
 17641 | Lair:1   | Reached skill level 10 in Spellcasting
 17649 | Lair:1   | Reached XP level 13. HP: 90/96 MP: 0/0
 17649 | Lair:1   | Learned a level 5 spell: Silence
 17808 | Lair:1   | Noticed a four-headed hydra
 17832 | Lair:1   | Killed a four-headed hydra
 18377 | Lair:1   | Reached skill level 11 in Spellcasting
 18615 | Lair:2   | Reached skill level 1 in Shields
 18921 | Lair:2   | Reached skill level 5 in Shields
 20234 | Lair:3   | Noticed a five-headed hydra
 21483 | Lair:3   | Noticed a five-headed hydra
 21509 | Lair:3   | Killed a five-headed hydra
 21550 | Lair:3   | Reached XP level 14. HP: 73/103 MP: 0/0
 21696 | Lair:3   | Reached ***** piety under Makhleb
 22111 | Lair:3   | Found a staircase to the Shoals.
 22430 | Lair:3   | Identified the +4 hand axe "Hell-Harrower" {drain, +Rage
                  | rPois rC+}
 23221 | Lair:4   | Reached skill level 12 in Spellcasting
 23709 | Lair:4   | Noticed Snorg
 23730 | Lair:4   | Killed Snorg
 24010 | Lair:4   | Identified the +7 mace of Dishonesty {elec, rN++ Will+
                  | Stlth+}
 24135 | Lair:4   | Found a staircase to the Snake Pit.
 25264 | Lair:6   | Entered Level 6 of the Lair of Beasts
 26055 | Lair:6   | Found a staircase to the Slime Pits.
 26055 | Lair:6   | Found a viscous altar of Jiyva.
 26174 | Lair:6   | Reached skill level 13 in Spellcasting
 28059 | Lair:6   | Reached XP level 15. HP: 101/107 MP: 0/0
 28059 | Lair:6   | Learned a level 6 spell: Eringya's Noxious Bog
 29086 | Orc:2    | Entered Level 2 of the Orcish Mines
 29086 | Orc:2    | Found a staircase to the Elven Halls.
 29613 | Orc:2    | Reached skill level 14 in Spellcasting
 29953 | Orc:2    | Found Deas Tesm's Armour Shoppe.
 29953 | Orc:2    | Found Pereg Du Tett's Antique Weapon Shoppe.
 29954 | Orc:2    | Found Wurar's Distillery.
 29958 | Orc:2    | Found Ibonoeng's Book Emporium.
 29966 | Orc:2    | Bought a +2 buckler of cold resistance for 344 gold pieces
 29966 | Orc:2    | Bought the +1 leather armour of Summer {rF+ Int+3} for 436
                  | gold pieces
 30849 | Orc:1    | Noticed Fannar
 30853 | Orc:1    | Found Haxkue Gegoa's General Store.
 30861 | Orc:1    | Killed Fannar
 30901 | Orc:1    | Found Zibbinyck's Jewellery Shop.
 33682 | D:14     | Reached ****** piety under Makhleb
 33835 | D:14     | Reached skill level 15 in Spellcasting
 33956 | D:14     | Found a gate to the Vaults.
 34267 | D:14     | Found an opulent altar of Gozag.
 34655 | D:15     | Entered Level 15 of the Dungeon
 35193 | D:15     | Identified Roxanne's Catalogue of Moulding
 35193 | D:15     | Noticed Roxanne
 35978 | D:15     | Reached XP level 16. HP: 69/116 MP: 0/0
 36190 | D:15     | Mangled by a skeletal warrior

Illustrated notes

Levels and vault maps discovered:
D:1:      mainiacjoe_arrival_reflecting_pool, layout_loops_ring, serial_forest,
          infiniplex_forest_clump_medium, infiniplex_forest_clump_tiny,
          infiniplex_forest_clump_double, infiniplex_forest_lined_room_2,
          infiniplex_forest_straight_5, infiniplex_forest_fountain,
          infiniplex_forest_end_double, infiniplex_forest_clump_double,
          roderic_serpentine_path
D:2:      layout_rooms, hellmonk_ecumenical_altar_arch_garden,
          uniq_crazy_yiuf_cottage, uniq_sigmund, uniq_terence
D:3:      layout_loops_ring, kennysheep_generic_room_15
D:4:      minmay_angry_zag, layout_loops_cross, lemuel_coloured_pillars_altar,
          minmay_temple_entry_nine_rooms
D:5:      layout_basic, lemuel_crystal_altar
D:6:      layout_basic, vehumet_altar_wand_db, kennysheep_mini, uniq_maggie
D:7:      layout_gridville, serial_undead, serial_undead_c, serial_undead_d,
          serial_undead_b, serial_undead_d, hellmonk_ghost_happy_afterlife
D:8:      layout_loops_ring, lemuel_crystal_altar, uniq_erica,
          uniq_prince_ribbit1, uniq_joseph
D:9:      layout_basic, overflow_temple_1_default, lemuel_round_altar,
          david_lair_shrubbed, david_orc_2, uniq_maurice
D:10:     layout_irregular_city, enter_trove_5, serial_shops,
          nicolae_diamond_shop, uniq_grum
D:11:     layout_loops_cross, enter_bailey_6, uniq_nergalle, uniq_urug
D:12:     layout_basic, dk_noncrumbling_3, nemelex_spade_bored_becter
D:13:     layout_small_grid
D:14:     layout_basic, grunt_vaults_entry_tiered, grunt_gozag_statues
D:15:     grunt_enter_depths_magical_seal, layout_basic,
          chequers_serial_rivers_micro_d, minmay_statues_item, minmay_bent,
          uniq_roxanne
Temple:   regret_index_temple_waves
Lair:1:   layout_long_grid, grunt_forest_large_clearing_hut, grunt_megastairs_1,
          lemuel_fruit_tree
Lair:2:   layout_layer_cave, chequers_serial_rivers_large_b, grunt_megastairs_2
Lair:3:   layout_small_grid, minmay_shoals_entry_hut, serial_bayou_shore_a
Lair:4:   layout_small_grid, dummy_snake_entry, uniq_snorg
Lair:5:   layout_hall_layers
Lair:6:   grunt_lair_end_beastmaster, layout_regular_city, slime_altar_1
Orc:1:    layout_diamond_mine, serial_shops, nicolae_shop_behind_doors,
          shop_statue, shop_fountains, shop, nicolae_shop_statue_plus,
          enter_volcano_3, minmay_orc_temple_b, uniq_fannar
Orc:2:    st_orc_mages, layout_caves, nicolae_orc_tapped_out

Skill      XL: |  1  2  3  4  5  6  7  8  9 10 11 12 13 14 15 |
---------------+----------------------------------------------+-----
Spellcasting   | 3 4 5 6 7 8 10 11 13 15 | 15.0
Dodging        | 3 4 5 10 | 10.1
Fighting       | 6 7 10 11 | 11.2
Maces & Flails | 5 6 |  6.1
Armour         | 5 |  5.1
Shields        | 8 |  8.0
Bows           | |  0.1
Throwing       | |  0.7
Stealth        | |  1.5

Action                   |  1- 3 |  4- 6 |  7- 9 | 10-12 | 13-15 | 16-18 || total
-------------------------+-------+-------+-------+-------+-------+-------++-------
Melee: Dagger            |    24 |       |       |       |       |       ||    24
       Mace              |       |     2 |     1 |     5 |   146 |       ||   154
       Trident           |       |       |       |     1 |       |       ||     1
       Morningstar       |       |       |       |     5 |       |       ||     5
Throw: Dart              |       |     8 |       |     4 |       |       ||    12
 Cast: Magic Dart        |    65 |    34 |    99 |    68 |   138 |       ||   404
       Mephitic Cloud    |     2 |     2 |       |    47 |    68 |     3 ||   122
       Call Imp          |     1 |       |       |     3 |       |       ||     4
       Sandblast         |       |     5 |       |    14 |    11 |       ||    30
       Searing Ray       |       |     6 |    58 |   126 |   235 |     3 ||   428
       Ignite Poison     |       |       |       |    12 |    52 |     2 ||    66
       Slow              |       |       |       |     5 |    33 |       ||    38
       Alistair's Intoxi |       |       |       |     4 |     1 |       ||     5
       Blink             |       |       |       |     1 |    12 |     1 ||    14
       Silence           |       |       |       |       |     1 |       ||     1
       Eringya's Noxious |       |       |       |       |    40 |       ||    40
  Use: Scroll            |       |       |       |       |     1 |       ||     1
 Stab: Confused          |     2 |       |       |     2 |     4 |       ||     8
Armor: Robe              |     5 |     3 |    20 |    63 |   105 |       ||   196
       Leather armour    |       |       |       |       |    41 |       ||    41
Dodge: Dodged            |    32 |     7 |    41 |   157 |   409 |     2 ||   648
Block: Buckler           |       |       |       |       |   164 |     4 ||   168

Table legend: (Time is in decaauts)
 A = Elapsed time spent in this place.
 B = Non-inter-level travel time spent in this place.
 C = Inter-level travel time spent in this place.
 D = Time resting spent in this place.
 E = Time spent auto-exploring this place.
 F = Levels seen in this place.
 G = Mean time per level.
                   A        B        C        D        E       F      G
               +--------+--------+--------+--------+--------+-----+--------+
         Total |  36266 |  34607 |   1659 |   3412 |  26238 |  24 | 1511.1 |
       Dungeon |  22227 |  21420 |    807 |   2248 |  16464 |  15 | 1481.8 |
        Temple |     16 |      9 |      7 |      0 |      6 |   1 |   16.0 |
          Lair |  11720 |  11058 |    662 |    975 |   8289 |   6 | 1953.3 |
  Orcish Mines |   2301 |   2119 |    182 |    189 |   1479 |   2 | 1150.5 |
               +--------+--------+--------+--------+--------+-----+--------+

Top non-repeatable levels by time:
  Lair:6: 3434 daAuts
  Lair:2: 2331 daAuts
    D:14: 2144 daAuts
     D:1: 2101 daAuts
     D:9: 2057 daAuts
  Lair:3: 1807 daAuts
    D:11: 1784 daAuts
  Lair:4: 1732 daAuts
    D:12: 1593 daAuts
    D:13: 1504 daAuts
    D:10: 1396 daAuts
     D:4: 1334 daAuts
     D:5: 1319 daAuts
     D:2: 1307 daAuts
  Lair:1: 1276 daAuts
